 Dungeon Crawl Stone Soup version 0.21-a0 (webtiles) character file.

75 Kriby the Magician (level 4, 0/27 HPs)
             Began as an Octopode Wizard on May 19, 2017.
             Killed by divine providence
             ... invoked by an orc priest
              (11 damage)
             ... on level 3 of the Dungeon.
             The game lasted 00:02:41 (2500 turns).

Kriby the Magician (Octopode Wizard)                Turns: 2500, Time: 00:02:41

Health: 0/27       AC:  1    Str:  6    XL:     4   Next: 31%
Magic:  9/9        EV: 13    Int: 21    God:
Gold:   77         SH:  0    Dex: 10    Spells: 2/10 levels left

rFire    . . .     SeeInvis .   g - +0 short sword
rCold    . . .     Gourm    .   (no shield)
rNeg     . . .     Faith    .   a - +0 hat
rPois    .         Spirit   .   k - amulet of rage (curse)
rElec    .         Reflect  .   (no ring)
rCorr    .         Harm     .   (no ring)
MR       .....                  (no ring)
Stlth    +++.......             (no ring)
Regen    0.1/turn               (no ring)
MPRegen  0.2/turn               (no ring)
                                (no ring)
                                (no ring)

@: very slightly contaminated
A: almost no armour, stealthy swim, amphibious, 8 rings, constrict 8, camouflage
1, gelatinous body 1
a: Evoke Berserk Rage


You were on level 3 of the Dungeon.
You were not hungry.

You visited 1 branch of the dungeon, and saw 3 of its levels.

You collected 77 gold pieces.

Inventory:

Hand Weapons
 g - a +0 short sword (weapon)
Armour
 a - a +0 hat (worn)
 f - a +0 buckler
Jewellery
 i - an uncursed ring of protection from cold {unknown}
 k - a cursed amulet of rage (around mantle)
Wands
 q - a wand of lightning (6/15)
Scrolls
 j - a scroll of remove curse
Potions
 d - a potion of flight {unknown}
 e - a potion of mutation {unknown}
 h - 2 potions of curing {unknown}
 n - a potion of might {unknown}
 p - a potion of haste {unknown}
Books
 b - a book of Minor Magic

   Spells                             Type                      Level
   a - Magic Dart                     Conjuration                  1
   b - Blink                          Translocation                2
   c - Call Imp                       Summoning                    2
   d - Slow                           Hexes                        2
   e - Conjure Flame                  Conjuration/Fire             3
   f - Mephitic Cloud                 Conjuration/Poison/Air       3
Comestibles
 c - 2 bread rations
 l - a meat ration
 m - a royal jelly
 o - 3 chunks of flesh


   Skills:
 - Level 2.0 Dodging
 - Level 2.6 Stealth
 + Level 3.5 Spellcasting
 * Level 3.3 Conjurations
 - Level 1.0 Summonings
 - Level 1.0 Translocations


You had 2 spell levels left.
You knew the following spells:

 Your Spells              Type           Power        Failure   Level  Hunger
a - Magic Dart            Conj           ###.         3%          1    None
c - Call Imp              Summ           #.......     13%         2    ##.....
g - Mephitic Cloud        Conj/Pois/Air  #.......     24%         3    ###....
T - Blink                 Tloc           N/A          13%         2    ##.....


Dungeon Overview and Level Annotations

Branches:
Dungeon (3/15)

Altars:
Nemelex Xobeh

Annotations:
D:3 Terence


Innate Abilities, Weirdness & Mutations

You cannot wear most types of armour.
You are very stealthy in the water. (Stealth+)
You are amphibious.
You can wear up to eight rings at the same time.
You can use your tentacles to constrict eight enemies at once.
Your skin changes colour to match your surroundings (Stealth+).
Your rubbery body absorbs attacks. (AC +1, EV +1)


Message History

A kobold comes into view.
The kobold shouts!
The orc throws a tomahawk of returning.
The tomahawk of returning hits you.
The weapon returns to the orc!
Found 6 stones.
The frilled lizard bites you.
The orc moves out of view.
The orc wizard shouts!
The kobold shouts!
The orc shouts!
You hear a shout! x4
The kobold hits you. The kobold hits you. The hobgoblin hits you.
The kobold hits you.
The frilled lizard unfolds its giant frill.
The hobgoblin barely misses you.
The orc wizard mumbles some strange words.
The orc wizard seems to speed up.
There is a stone staircase leading down here.
The kobold hits you.
The orc priest invokes the aid of Beogh against you.
Beogh smites you!
You die...

#..$8.....#
#......<..#
##..8.....#
##.......#
##..8..##
##g..## #####
##..###
#...###..######
#@KlgggKo...o...
####oKo........o
#.#o#o....)..
#.....$.....o
##.##o....o..
..##.......S
#####......>.
.(...##


You could see 2 orc priests, an orc wizard, 2 orcs, 3 hobgoblins, 3 kobolds and
a frilled lizard.

Vanquished Creatures
  3 adders (D:2)
  2 worms (D:2)
  3 dart slugs
  A leopard gecko (D:1)
  2 ball pythons (D:2)
  2 giant cockroaches (D:1)
  4 goblins
  5 hobgoblins
  A quokka (D:2)
  4 bats
  3 frilled lizards
  2 kobolds
  6 rats
38 creatures vanquished.

Notes
Turn   | Place    | Note
-------+----------+-------------------------------------------
     0 | D:1      | Kriby the Octopode Wizard began the quest for the Orb.
     0 | D:1      | Reached XP level 1. HP: 11/11 MP: 4/4
   490 | D:1      | Reached XP level 2. HP: 17/17 MP: 0/6
   957 | D:1      | Found a sparkling altar of Nemelex Xobeh.
  1112 | D:1      | Learned a level 2 spell: Blink
  1197 | D:1      | Learned a level 2 spell: Call Imp
  1296 | D:2      | Reached XP level 3. HP: 21/21 MP: 5/7
  1366 | D:2      | Learned a level 3 spell: Mephitic Cloud
  2045 | D:2      | Reached XP level 4. HP: 27/27 MP: 7/9
  2218 | D:2      | Found a sparkling altar of Nemelex Xobeh.
  2477 | D:3      | Noticed Terence
  2500 | D:3      | Killed from afar by an orc priest

Vault maps used:
D:1:      lightli_arrival_chessboard, nemelex_diamond_rough_becter
D:2:      nemelex_altar_shiori, kennysheep_generic_room_3
D:3:      led_sif_book, first_bread, gup_sewer_entry_spiral, grunt_ministairs_9,
          uniq_terence

Skill      XL: |  1  2  3 |
---------------+----------+-----
Conjurations   | 2 3 |  3.3
Dodging        | |  2.0
Stealth        | |  2.6
Spellcasting   | |  3.5
Summonings     | |  1.0
Translocations | |  1.0

Action                   |  1- 3 |  4- 6 || total
-------------------------+-------+-------++-------
Melee: Constrict         |     5 |       ||     5
       Unarmed           |     2 |       ||     2
       Dagger            |     8 |       ||     8
       Tentacles         |     1 |       ||     1
 Cast: Magic Dart        |    67 |    22 ||    89
       Mephitic Cloud    |     2 |       ||     2
  Use: Scroll            |       |     4 ||     4
 Stab: Confused          |     1 |       ||     1
  Eat: Chunk             |     3 |     2 ||     5
Armor: Skin              |     1 |       ||     1
Dodge: Dodged            |     7 |     4 ||    11
